 Dungeon Crawl Stone Soup version 0.22-a0-422-g9628fc8 (webtiles) character file.

139 tilp the Chiller (level 5, -4/35 HPs)
             Began as a Merfolk Ice Elementalist on May 22, 2018.
             Was an Initiate of Makhleb.
             Killed from afar by an orc wizard (9 damage)
             ... with a magic dart
             ... on level 3 of the Dungeon.
             The game lasted 00:07:44 (3899 turns).

tilp the Chiller (Merfolk Ice Elementalist)         Turns: 3899, Time: 00:07:45

Health: -4/35      AC:  2    Str:  9    XL:     5   Next: 22%
Magic:  8/8        EV: 28    Int: 15    God:    Makhleb [......]
Gold:   192        SH:  0    Dex: 14    Spells: 2/8 levels left

rFire    . . .     SeeInvis .   g - +0 hand axe (venom)
rCold    + . .     Gourm    .   (no shield)
rNeg     . . .     Faith    .   a - +0 robe
rPois    +         Spirit   .   (no helmet)
rElec    .         Reflect  .   (no cloak)
rCorr    .         Harm     .   (no gloves)
MR       .....                  (no boots)
Stlth    ++........             j - amulet of the acrobat
HPRegen  0.11/turn              l - ring of poison resistance
MPRegen  0.11/turn              d - ring of protection from cold

@: about to teleport
A: change form in water, swift swim, stealthy swim
a: Renounce Religion


You were on level 3 of the Dungeon.
You worshipped Makhleb.
Makhleb was noncommittal.
You were not hungry.

You visited 1 branch of the dungeon, and saw 3 of its levels.

You collected 192 gold pieces.

Inventory:

Hand Weapons
 g - a +0 hand axe of venom (weapon)
 r - a +0 trident
Missiles
 b - 58 stones (quivered)
Armour
 a - a +0 robe (worn)
Jewellery
 d - a ring of protection from cold (right hand)
 h - an uncursed amulet of rage
 j - an amulet of the acrobat (around neck)
 l - a ring of poison resistance (left hand)
Scrolls
 f - 2 scrolls of enchant armour
 i - 3 scrolls of remove curse
 k - a scroll of amnesia
 n - a scroll of teleportation
 o - a scroll of fog {unknown}
Potions
 e - a potion of heal wounds {unknown}
 m - a potion of degeneration {unknown}
 q - a potion of might {unknown}
Comestibles
 c - 2 rations


   Skills:
 - Level 2.6 Dodging
 - Level 2.1 Stealth
 - Level 2.0 Spellcasting
 - Level 0.7 Conjurations
 + Level 6.3 Ice Magic


You had 2 spell levels left.
You knew the following spells:

 Your Spells              Type           Power        Failure   Level  Hunger
a - Freeze                Ice            ###.         1%          1    #......
b - Throw Frost           Conj/Ice       ##....       8%          2    ###....
c - Ozocubu's Armour      Chrm/Ice       ##......     19%         3    ###....

Your spell library contained the following spells:

 Spells                   Type           Power        Failure   Level  Hunger
 Summon Ice Beast         Ice/Summ       ##......     52%         4    #####..
 Throw Icicle             Conj/Ice       ##......     45%         4    #####..


Dungeon Overview and Level Annotations

Branches:
Dungeon (3/15)

Altars:
Fedhas
Kikubaaqudgha
Makhleb
Ru
Sif Muna
Zin


Message History

* * * LOW HITPOINT WARNING * * *
The orc wizard gestures wildly while chanting.
The orc wizard blinks!
The orc wizard casts a spell.
The orc wizard seems to speed up.
The orc wizard casts a spell at you. You resist with some effort.
The orc wizard gestures at you while chanting.
The magic dart hits you!
* * * LOW HITPOINT WARNING * * *
There is an open door, spattered with blood here.
The orc wizard gestures wildly while chanting.
The orc wizard blinks!
You close the door.
As you read the scroll of teleportation, it crumbles to dust.
You feel strangely unstable.
An orc wizard opens the door.
The orc wizard misses you. The orc wizard casts a spell at you.
The magic dart hits you!
You die...

#.......#.#
#.{.#####.###.###.#
##.##.###.#
#≈≈≈##..#.##...##.#
#.##.###.#
#...###.#.#.....#.#
#........#
#...##..[......##.#
######.#####
###'####.#.###.###.#
.......#
#.8.8.##.#.##...##.#
########
#..o..##.#..........
##...##..####...####
########## ##@##..##
##.##### #........#
#....## #.......
#.######.# ######
#.)..... #.# #.#
#....... ###.####
#.# #.......
.......# #.#
#....... ###.##.#
#.# #.......
#.##.###.#
###.......
###........# #####
#.........


You could see an orc wizard.

Vanquished Creatures
  Jessica (D:3)
  3 adders
  A shadow imp (D:2)
  An ooze (D:2)
  A worm (D:3)
  2 dart slugs
  3 leopard geckos
  7 orcs (D:3)
  A ball python (D:2)
  A giant cockroach (D:3)
  2 goblins (D:1)
  2 hobgoblins
  4 jackals
  2 quokkas (D:2)
  9 bats
  4 frilled lizards
  9 kobolds
  5 rats
58 creatures vanquished.

Vanquished Creatures (others)
  A human (D:2)
1 creature vanquished.

Grand Total: 59 creatures vanquished

Notes
Turn   | Place    | Note
-------+----------+-------------------------------------------
     0 | D:1      | tilp the Merfolk Ice Elementalist began the quest for the Orb.
     0 | D:1      | Reached XP level 1. HP: 13/13 MP: 3/3
   306 | D:1      | Reached XP level 2. HP: 19/19 MP: 1/5
   460 | D:1      | Reached skill level 4 in Ice Magic
  1021 | D:1      | Reached XP level 3. HP: 24/24 MP: 4/6
  1044 | D:1      | Learned a level 2 spell: Throw Frost
  1048 | D:1      | Learned a level 3 spell: Ozocubu's Armour
  1775 | D:2      | Reached skill level 5 in Ice Magic
  1868 | D:2      | HP: 1/24 [shadow imp/nerve-wracking pain (4)]
  2172 | D:2      | Reached XP level 4. HP: 30/30 MP: 4/7
  2367 | D:2      | Found a blossoming altar of Fedhas.
  2497 | D:2      | Found an ancient bone altar of Kikubaaqudgha.
  2497 | D:2      | Noticed a human
  2500 | D:2      | Killed a human
  2956 | D:3      | Found a sacrificial altar of Ru.
  2960 | D:3      | Noticed Jessica
  2973 | D:3      | Killed Jessica
  2976 | D:3      | Reached skill level 6 in Ice Magic
  3100 | D:3      | Reached XP level 5. HP: 27/35 MP: 3/8
  3594 | D:3      | Found a burning altar of Makhleb.
  3594 | D:3      | Found a glowing silver altar of Zin.
  3595 | D:3      | Noticed an angel
  3595 | D:3      | Noticed a blizzard demon
  3598 | D:3      | Became a worshipper of Makhleb the Destroyer
  3877 | D:3      | Found a deep blue altar of Sif Muna.
  3899 | D:3      | Killed from afar by an orc wizard

Vault maps used:
D:1:      lightli_arrival_chessboard, minmay_tetromino_l2
D:2:      lemuel_doored_altar, tgw_kikubaaqudgha
D:3:      led_sif_book, grunt_temple_overflow_order_and_chaos_2,
          nicolae_ru_awakened_eye, uniq_jessica

Skill      XL: |  1  2  3  4 |
---------------+-------------+-----
Ice Magic      | 4 5 6 |  6.3
Dodging        | |  2.6
Stealth        | |  2.1
Spellcasting   | |  2.0
Conjurations   | |  0.7

Action                   |  1- 3 |  4- 6 || total
-------------------------+-------+-------++-------
Melee: Dagger            |    33 |    23 ||    56
       Hand axe          |       |    53 ||    53
Throw: Stone             |    30 |     1 ||    31
 Cast: Freeze            |    53 |    12 ||    65
       Ozocubu's Armour  |       |     3 ||     3
       Throw Frost       |       |     1 ||     1
  Use: Scroll            |     2 |     8 ||    10
       Potion            |     1 |       ||     1
 Stab: Sleeping          |     4 |     1 ||     5
  Eat: Chunk             |     4 |     4 ||     8
       Ration            |       |     1 ||     1
Armor: Robe              |     9 |    12 ||    21
Dodge: Dodged            |    57 |    61 ||   118

Table legend:
 A = Spawn XP
 B = Non-spawn XP
 C = Spawn XP percentage of total XP
 D = Spawn monster count
 E = Non-spawn monster count
 F = Spawn count percentage of total count
 G = Total turns spent on level
                    A         B        C        D         E        F      G
               +---------+---------+-------+---------+---------+-------+---------
         Total |       0 |     199 |   0.0 |       0 |      58 |   0.0 |  3899
               +---------+---------+-------+---------+---------+-------+---------
           D:1 |       0 |      43 |   0.0 |       0 |      26 |   0.0 |  1610
           D:2 |       0 |      62 |   0.0 |       0 |      14 |   0.0 |  1136
           D:3 |       0 |      94 |   0.0 |       0 |      18 |   0.0 |  1153
               +---------+---------+-------+---------+---------+-------+---------
